Map: Zen EJ

Players

Cham

  • Race: Zerg Zerg
  • League: Master
  • Spawn Location: 7:00

tyty (TY) - Winner!

  • Race: Terran Terran
  • Spawn Location: 1:00

VOD

Have the link to the VOD?

Description

Time

  • Played on: Jan. 7, 2020, 6:55 p.m.
  • Length: 4:05
Show
View Real Time Build Order
Export as new Build Order

Cham Zerg 

Build Orders: Hatch First 

Get SALT Encoding   

  12  0:01  Drone  
  13  0:08  Drone  
  14  0:18  Overlord  
  14  0:37  Drone x2  
  16  0:47  Hatchery  
  15  0:51  Drone  
  15  0:57  Drone  
  17  1:02  Drone  
  18  1:10  Extractor  
  17  1:16  Spawning Pool  
  16  1:19  Drone  
  16  1:21  Drone  
  18  1:32  Drone  
  19  1:48  Drone  
  20  1:54  Drone  
  21  2:03  Queen x2  
  21  2:04  Zergling x4  
  27  2:10  Drone  
  28  2:19  Hatchery  
  27  2:24  Overlord  
  27  2:27  Drone  
  27  2:44  Queen  
  27  2:48  Drone x5  
  34  3:00  Overlord  
  34  3:01  Drone  
  35  3:17  Queen  
  35  3:18  Drone x2  
  35  3:19  Drone  
  41  3:20  Drone x2  
  41  3:22  Drone  
  43  3:29  Overlord  
  47  3:37  Drone  
  47  3:40  Zergling x2  
  49  3:41  Overlord  
Show
View Real Time Build Order
Export as new Build Order

tyty Terran - Winner!

Build Orders: Gas First Reaper Expand, Hellion Opening 

Get SALT Encoding   

  12  0:00  SCV  
  13  0:12  SCV  
  14  0:17  Supply Depot  
  14  0:24  SCV  
  15  0:28  Refinery  
  15  0:38  SCV  
  16  0:45  Barracks  
  16  0:51  SCV  
  17  1:03  SCV  
  18  1:15  SCV  
  19  1:32  Reaper  
  21  1:33  Orbital Command  
  20  1:43  Command Center  
  20  1:55  Factory  
  20  1:59  SCV  
  21  2:06  Barracks Reactor  
  21  2:09  Supply Depot  
  21  2:13  SCV  
  22  2:17  Refinery  
  22  2:25  SCV  
  23  2:37  SCV  
  24  2:45  Starport  
  24  2:48  Hellion  
  24  2:49  Hellion  
  24  2:50  SCV  
  29  2:56  Orbital Command  
  29  3:02  SCV  
  30  3:09  Hellion  
  30  3:11  Hellion  
  34  3:14  SCV  
  35  3:25  SCV, Fusion Core  
  36  3:28  Starport Tech Lab  
  36  3:31  Hellion  
  38  3:34  Hellion  
  38  3:36  SCV  
  41  3:42  SCV  
  41  3:46  Supply Depot  
  42  3:50  SCV  
Tags
 
Add a new tag
Caveats
  • Supply blocks, unpowered buildings, or Contaminate may cause inaccurate times.
  • Supply counts are checked every 10 seconds.